[ AOE2 MATCH · #469139735 ]
UnrankedPortuguese vs Teutons
[ REPLAY ANALYSIS · EXTRACTED FROM THE RECORDED GAME ]
Feudal
—
Castle
—
Imperial
—
| APM avg | 10.5 |
| APM peak | 74 |
| eAPM avg | 7.9 |
| Villagers / military | 25 / 42 |
Focus
⚔️ 47.8% · 🌾 52.2%
Scout Cavalry ×33 · Fishing Ship ×9 · Fire Galley ×7 · Transport Ship ×2
Feudal
—
Castle
17:37
Imperial
—
| APM avg | 6.4 |
| APM peak | 37 |
| eAPM avg | 2.7 |
| Villagers / military | 32 / 9 |
Focus
⚔️ 17.6% · 🌾 82.4%
Knight ×5 · Caravel ×2 · Fishing Ship ×2 · Scout Cavalry ×1 · Transport Ship ×1 · Unknown (2626) ×1
Feudal
—
Castle
—
Imperial
—
| APM avg | 839.5 |
| APM peak | 2397 |
| eAPM avg | 838.7 |
| Villagers / military | 0 / 0 |
Focus
⚔️ 59.5% · 🌾 40.5%
Feudal
—
Castle
—
Imperial
—
| APM avg | 1246.4 |
| APM peak | 7426 |
| eAPM avg | 1245.8 |
| Villagers / military | 0 / 0 |
Focus
⚔️ 44.8% · 🌾 55.2%
Feudal
—
Castle
—
Imperial
—
| APM avg | 957.7 |
| APM peak | 6208 |
| eAPM avg | 957.0 |
| Villagers / military | 0 / 0 |
Focus
⚔️ 68.5% · 🌾 31.5%
Feudal
—
Castle
—
Imperial
—
| APM avg | 2153.3 |
| APM peak | 19865 |
| eAPM avg | 2152.4 |
| Villagers / military | 0 / 0 |
Focus
⚔️ 95.5% · 🌾 4.5%
Feudal
—
Castle
—
Imperial
—
| APM avg | 1579.7 |
| APM peak | 16416 |
| eAPM avg | 1579.0 |
| Villagers / military | 0 / 0 |
Focus
⚔️ 82.2% · 🌾 17.8%
Feudal
—
Castle
—
Imperial
—
| APM avg | 2303.9 |
| APM peak | 17165 |
| eAPM avg | 2303.2 |
| Villagers / military | 0 / 0 |
Focus
⚔️ 96.6% · 🌾 3.4%
Match map
Initial resources + every placement click. Lines = walls · curves = elevation contours. ◆ gold · ⬟ stone · ● berries · ✦ relic · ◌ wall gap
Your base· Open — unwalled flank
g.mpozios's base· Open — unwalled flank
's base· Open — unwalled flank
's base· Open — unwalled flank
's base· Open — unwalled flank
's base· Open — unwalled flank
's base· Open — unwalled flank
's base· Open — unwalled flank
Smoothed initial terrain · ◌ = detected wall gap · hover for details
Inputs per minute
— s3lampros - - g.mpozios
Build order — s3lampros
135 actions detected in the replay
| 0:15 | Create | Villager (Male) |
| 0:15 | Create | Villager (Male) |
| 0:15 | Create | Villager (Male) |
| 0:16 | Create | Villager (Male) |
| 0:39 | Build | House |
| 0:41 | Build | House |
| 0:42 | Build | House |
| 0:43 | Build | House |
| 0:50 | Build | House |
| 2:02 | Build | Lumber Camp |
| 2:55 | Build | House |
| 2:56 | Build | House |
| 3:32 | Create | Villager (Male) |
| 3:32 | Create | Villager (Male) |
| 4:32 | Build | Mill |
| 5:36 | Create | Villager (Male) |
| 5:37 | Create | Villager (Male) |
| 6:11 | Create | Villager (Male) |
| 6:57 | Research | Horse Collar |
| 8:16 | Research | Double-Bit Axe |
| 8:33 | Create | Villager (Male) |
| 8:33 | Create | Villager (Male) |
| 9:06 | Create | Villager (Male) |
| 9:34 | Build | Mining Camp |
| 9:41 | Create | Villager (Male) |
| 10:03 | Build | Dock |
| 10:18 | Research | Town Watch |
| 10:47 | Create | Fishing Ship |
| 10:47 | Create | Fishing Ship |
| 10:47 | Create | Fishing Ship |
| 10:55 | Create | Villager (Male) |
| 11:43 | Research | Tech 906 |
| 12:04 | Create | Villager (Male) |
| 12:05 | Create | Villager (Male) |
| 12:24 | Create | Villager (Male) |
| 12:25 | Create | Villager (Male) |
| 12:35 | Build | Mining Camp |
| 12:48 | Create | Villager (Male) |
| 12:54 | Create | Villager (Male) |
| 13:21 | Create | Villager (Male) |
| 13:57 | Build | Stone Wall |
| 14:09 | Create | Villager (Male) |
| 14:09 | Create | Villager (Male) |
| 14:09 | Create | Villager (Male) |
| 14:48 | Build | Stable |
| 15:02 | Build | Stable |
| 15:56 | Research | Wheelbarrow |
| 16:07 | Build | Blacksmith |
| 16:27 | Create | Scout Cavalry |
| 16:27 | Create | Scout Cavalry |
| 16:48 | Create | Scout Cavalry |
| 17:48 | Build | Market |
| 18:12 | Create | Scout Cavalry |
| 18:12 | Create | Scout Cavalry |
| 18:13 | Create | Scout Cavalry |
| 18:36 | Build | Farm |
| 18:40 | Build | Farm |
| 18:54 | Create | Scout Cavalry |
| 18:54 | Create | Scout Cavalry |
| 19:08 | Build | Farm |
| 19:17 | Build | Farm |
| 19:48 | Create | Scout Cavalry |
| 19:48 | Create | Scout Cavalry |
| 19:49 | Create | Scout Cavalry |
| 20:28 | Build | House |
| 20:30 | Build | House |
| 20:31 | Build | House |
| 20:33 | Build | House |
| 20:34 | Build | House |
| 20:35 | Build | House |
| 20:41 | Research | Bloodlines |
| 21:08 | Create | Scout Cavalry |
| 21:08 | Create | Scout Cavalry |
| 21:22 | Build | House |
| 21:23 | Build | House |
| 21:24 | Build | House |
| 21:26 | Build | House |
| 21:27 | Build | House |
| 21:28 | Build | House |
| 21:29 | Build | House |
| 21:46 | Create | Scout Cavalry |
| 21:46 | Create | Scout Cavalry |
| 22:19 | Create | Scout Cavalry |
| 22:19 | Create | Scout Cavalry |
| 22:53 | Create | Scout Cavalry |
| 22:53 | Create | Scout Cavalry |
| 22:54 | Create | Scout Cavalry |
| 22:54 | Create | Scout Cavalry |
| 22:54 | Create | Scout Cavalry |
| 24:01 | Create | Scout Cavalry |
| 24:01 | Create | Scout Cavalry |
| 24:02 | Create | Scout Cavalry |
| 24:02 | Create | Scout Cavalry |
| 24:02 | Create | Scout Cavalry |
| 24:43 | Build | Stable |
| 25:12 | Create | Scout Cavalry |
| 25:13 | Create | Scout Cavalry |
| 25:13 | Create | Scout Cavalry |
| 25:32 | Create | Scout Cavalry |
| 25:33 | Create | Scout Cavalry |
| 25:33 | Create | Scout Cavalry |
| 26:27 | Create | Transport Ship |
| 26:58 | Create | Villager (Male) |
| 29:02 | Create | Transport Ship |
| 30:24 | Build | Stone Wall |
| 32:30 | Build | Lumber Camp |
| 34:05 | Build | Dock |
| 35:23 | Create | Fishing Ship |
| 35:24 | Create | Fishing Ship |
| 35:32 | Build | House |
| 35:33 | Build | House |
| 35:35 | Build | House |
| 35:36 | Build | House |
| 35:37 | Build | House |
| 35:38 | Build | House |
| 37:52 | Create | Fishing Ship |
| 37:52 | Create | Fishing Ship |
| 37:52 | Create | Fishing Ship |
| 37:53 | Create | Fishing Ship |
| 38:55 | Create | Fire Galley |
| 38:55 | Create | Fire Galley |
| 38:56 | Create | Fire Galley |
| 38:56 | Create | Fire Galley |
| 47:23 | Build | Stone Wall |
| 48:48 | Build | Lumber Camp |
| 49:32 | Build | Stone Wall |
| 49:46 | Build | Dock |
| 50:54 | Build | Market |
| 51:43 | Create | Fire Galley |
| 51:44 | Create | Fire Galley |
| 51:44 | Create | Fire Galley |
| 51:56 | Build | House |
| 52:35 | Build | House |
| 53:11 | Build | House |
| 53:28 | Build | House |
Build order — g.mpozios
79 actions detected in the replay
| 0:10 | Build | Lumber Camp |
| 0:16 | Create | Villager (Male) |
| 0:58 | Build | House |
| 1:03 | Build | House |
| 1:36 | Create | Villager (Male) |
| 1:36 | Create | Villager (Male) |
| 1:36 | Create | Villager (Male) |
| 4:39 | Create | Villager (Male) |
| 4:39 | Create | Villager (Male) |
| 4:39 | Create | Villager (Male) |
| 4:50 | Build | Dock |
| 6:09 | Create | Fishing Ship |
| 6:11 | Create | Fishing Ship |
| 6:25 | Build | House |
| 6:48 | Research | Double-Bit Axe |
| 7:15 | Create | Villager (Male) |
| 7:15 | Create | Villager (Male) |
| 7:29 | Build | Mining Camp |
| 10:11 | Create | Villager (Male) |
| 10:11 | Create | Villager (Male) |
| 10:12 | Create | Villager (Male) |
| 10:12 | Create | Villager (Male) |
| 10:20 | Build | Market |
| 10:30 | Create | Transport Ship |
| 12:00 | Build | Blacksmith |
| 12:33 | Build | House |
| 12:37 | Build | House |
| 12:42 | Build | House |
| 14:53 | Build | Farm |
| 14:57 | Research | Castle Age |
| 15:18 | Build | Mill |
| 17:37 | Age | Castle Age |
| 17:40 | Create | Villager (Male) |
| 17:41 | Create | Villager (Male) |
| 17:41 | Create | Villager (Male) |
| 17:41 | Create | Villager (Male) |
| 17:42 | Create | Villager (Male) |
| 17:42 | Create | Villager (Male) |
| 17:42 | Create | Villager (Male) |
| 17:47 | Research | Horse Collar |
| 17:52 | Build | Farm |
| 18:06 | Build | Lumber Camp |
| 18:41 | Research | Gold Mining |
| 19:01 | Build | Farm |
| 19:12 | Build | Farm |
| 19:20 | Build | Farm |
| 19:34 | Build | Farm |
| 20:38 | Research | Bow Saw |
| 21:11 | Build | Stable |
| 21:21 | Create | Villager (Male) |
| 21:21 | Create | Villager (Male) |
| 21:22 | Create | Villager (Male) |
| 21:22 | Create | Villager (Male) |
| 21:22 | Create | Villager (Male) |
| 21:22 | Create | Villager (Male) |
| 21:23 | Create | Villager (Male) |
| 21:23 | Create | Villager (Male) |
| 21:37 | Build | Farm |
| 22:37 | Create | Scout Cavalry |
| 22:58 | Build | Mining Camp |
| 23:28 | Create | Villager (Male) |
| 23:28 | Create | Villager (Male) |
| 23:28 | Create | Villager (Male) |
| 23:29 | Create | Villager (Male) |
| 23:56 | Create | Knight |
| 23:57 | Create | Knight |
| 23:57 | Create | Knight |
| 23:57 | Create | Knight |
| 23:58 | Create | Knight |
| 24:10 | Build | Farm |
| 24:30 | Build | House |
| 24:37 | Build | House |
| 24:41 | Build | House |
| 24:46 | Build | House |
| 27:37 | Create | Unit 2626 |
| 27:38 | Create | Caravel |
| 27:39 | Research | Tech 905 |
| 35:09 | Build | Stone Wall |
| 37:04 | Create | Caravel |
Build order —
First 150 of 265 actions detected
| 0:00 | Build | House |
| 1:47 | Build | House |
| 3:32 | Build | House |
| 3:33 | Build | House |
| 4:33 | Build | Mill |
| 4:33 | Build | Lumber Camp |
| 5:45 | Build | House |
| 6:09 | Build | Mining Camp |
| 7:12 | Build | Lumber Camp |
| 7:57 | Build | House |
| 7:57 | Build | House |
| 8:27 | Build | Farm |
| 9:20 | Build | Barracks |
| 10:08 | Build | House |
| 10:33 | Build | Stable |
| 11:09 | Build | Farm |
| 11:27 | Build | Farm |
| 11:39 | Build | Farm |
| 11:57 | Build | Farm |
| 12:20 | Build | House |
| 12:30 | Build | Blacksmith |
| 12:53 | Build | Farm |
| 12:57 | Build | House |
| 13:13 | Research | Tech None |
| 13:28 | Build | Farm |
| 13:46 | Build | Farm |
| 14:02 | Build | Farm |
| 14:05 | Build | House |
| 14:19 | Build | Farm |
| 14:33 | Build | Farm |
| 14:49 | Build | Farm |
| 15:00 | Build | Farm |
| 15:24 | Build | Farm |
| 15:30 | Build | Farm |
| 15:50 | Research | Tech None |
| 15:51 | Build | Farm |
| 16:02 | Build | Farm |
| 16:18 | Build | Farm |
| 16:36 | Build | Farm |
| 16:49 | Build | Farm |
| 17:06 | Build | Farm |
| 17:18 | Research | Tech None |
| 17:40 | Build | Mill |
| 18:10 | Build | Dock |
| 18:39 | Research | Tech None |
| 18:39 | Research | Tech None |
| 18:39 | Research | Tech None |
| 18:51 | Research | Tech None |
| 19:06 | Research | Tech None |
| 19:06 | Build | House |
| 19:07 | Build | House |
| 19:56 | Build | Lumber Camp |
| 20:20 | Build | Stable |
| 20:21 | Research | Tech None |
| 20:46 | Research | Tech None |
| 21:09 | Build | House |
| 21:10 | Build | House |
| 21:19 | Research | Tech None |
| 21:43 | Build | Town Center |
| 21:55 | Build | House |
| 21:56 | Build | House |
| 22:10 | Build | Monastery |
| 22:42 | Build | Barracks |
| 22:57 | Build | House |
| 22:57 | Build | House |
| 23:38 | Build | Farm |
| 23:39 | Build | Farm |
| 23:39 | Build | Farm |
| 23:39 | Build | Farm |
| 23:39 | Build | Farm |
| 23:40 | Build | Farm |
| 23:49 | Build | House |
| 23:49 | Build | House |
| 24:05 | Build | Town Center |
| 24:26 | Build | House |
| 24:26 | Build | House |
| 24:26 | Build | House |
| 24:36 | Build | Barracks |
| 25:02 | Build | House |
| 25:02 | Build | House |
| 25:02 | Build | House |
| 25:13 | Build | Siege Workshop |
| 25:31 | Build | House |
| 25:42 | Build | Farm |
| 25:43 | Build | Farm |
| 25:57 | Build | House |
| 25:58 | Build | House |
| 26:48 | Build | Farm |
| 26:51 | Build | Farm |
| 26:59 | Build | Farm |
| 27:04 | Build | House |
| 27:08 | Build | Farm |
| 27:11 | Build | Farm |
| 27:28 | Build | Farm |
| 27:35 | Build | Farm |
| 27:40 | Build | House |
| 27:45 | Build | Farm |
| 27:53 | Build | Farm |
| 28:02 | Build | Farm |
| 28:19 | Build | Farm |
| 28:22 | Research | Tech None |
| 28:25 | Build | House |
| 28:29 | Build | Farm |
| 28:34 | Build | Farm |
| 28:43 | Build | Farm |
| 28:51 | Build | Farm |
| 28:57 | Build | Farm |
| 29:02 | Build | House |
| 29:14 | Build | Farm |
| 29:22 | Build | Farm |
| 29:25 | Research | Tech None |
| 29:26 | Build | Farm |
| 29:37 | Build | Farm |
| 29:43 | Build | House |
| 29:44 | Build | Farm |
| 29:51 | Build | Farm |
| 29:59 | Build | Farm |
| 30:05 | Build | Farm |
| 30:11 | Build | House |
| 30:17 | Build | Farm |
| 30:19 | Research | Tech None |
| 30:24 | Build | Farm |
| 30:34 | Build | Farm |
| 30:36 | Build | Farm |
| 30:39 | Build | Farm |
| 30:46 | Build | Farm |
| 30:50 | Build | House |
| 31:02 | Build | Farm |
| 31:06 | Build | Farm |
| 31:12 | Build | Farm |
| 31:16 | Build | Farm |
| 31:23 | Build | Farm |
| 31:26 | Build | Farm |
| 31:40 | Build | Lumber Camp |
| 31:44 | Research | Tech None |
| 31:44 | Build | House |
| 31:45 | Research | Tech None |
| 31:45 | Build | House |
| 31:48 | Build | Mill |
| 32:02 | Research | Tech None |
| 32:16 | Build | Dock |
| 32:16 | Build | Dock |
| 32:33 | Research | Tech None |
| 32:33 | Build | House |
| 32:39 | Build | Dock |
| 32:59 | Build | Siege Workshop |
| 33:32 | Research | Tech None |
| 33:32 | Research | Tech None |
| 33:50 | Research | Tech None |
| 34:11 | Build | Castle |
Build order —
First 150 of 303 actions detected
| 0:00 | Build | House |
| 1:48 | Build | House |
| 3:36 | Build | House |
| 3:36 | Build | House |
| 4:44 | Build | Mill |
| 4:45 | Build | Lumber Camp |
| 5:24 | Build | House |
| 5:49 | Research | Tech None |
| 6:34 | Build | Mining Camp |
| 7:19 | Build | Lumber Camp |
| 8:02 | Build | House |
| 8:03 | Build | Farm |
| 8:52 | Build | Barracks |
| 9:54 | Build | Archery Range |
| 10:04 | Build | Farm |
| 10:14 | Build | House |
| 10:27 | Build | Farm |
| 10:34 | Research | Tech None |
| 10:58 | Build | Farm |
| 11:13 | Build | Farm |
| 11:19 | Build | Farm |
| 11:25 | Build | Farm |
| 11:45 | Build | Farm |
| 11:49 | Build | Farm |
| 12:01 | Build | House |
| 12:04 | Build | House |
| 12:17 | Build | Farm |
| 12:40 | Research | Tech None |
| 12:51 | Build | Farm |
| 13:03 | Build | Farm |
| 13:11 | Build | House |
| 13:14 | Build | House |
| 13:27 | Build | Farm |
| 13:40 | Build | Farm |
| 13:42 | Build | Farm |
| 13:56 | Build | Farm |
| 14:06 | Build | Farm |
| 14:22 | Build | Farm |
| 14:37 | Build | House |
| 14:46 | Build | Mill |
| 15:21 | Build | Blacksmith |
| 15:26 | Build | Farm |
| 15:41 | Build | Farm |
| 15:56 | Build | Farm |
| 16:06 | Research | Tech None |
| 16:07 | Build | Farm |
| 16:18 | Build | House |
| 16:25 | Build | House |
| 16:32 | Build | Farm |
| 16:39 | Research | Tech None |
| 17:20 | Build | Lumber Camp |
| 17:53 | Build | Dock |
| 18:27 | Build | Barracks |
| 18:34 | Research | Tech None |
| 18:35 | Build | House |
| 21:23 | Research | Tech None |
| 21:23 | Research | Tech None |
| 21:23 | Research | Tech None |
| 21:23 | Research | Tech None |
| 21:23 | Build | Town Center |
| 21:23 | Build | Town Center |
| 21:24 | Build | Town Center |
| 21:24 | Build | Town Center |
| 21:46 | Research | Tech None |
| 22:15 | Research | Tech None |
| 22:20 | Build | Siege Workshop |
| 22:21 | Build | Siege Workshop |
| 22:30 | Build | House |
| 22:30 | Build | House |
| 22:30 | Build | House |
| 22:42 | Research | Tech None |
| 22:42 | Research | Tech None |
| 22:53 | Build | Mining Camp |
| 23:06 | Build | Monastery |
| 24:06 | Build | House |
| 24:06 | Build | House |
| 24:36 | Build | House |
| 24:36 | Build | House |
| 25:09 | Build | House |
| 25:39 | Build | Farm |
| 25:42 | Build | Farm |
| 25:51 | Build | House |
| 25:52 | Build | House |
| 26:02 | Build | Archery Range |
| 26:23 | Build | House |
| 26:23 | Build | House |
| 26:24 | Build | Lumber Camp |
| 26:24 | Build | House |
| 26:44 | Build | Farm |
| 26:44 | Build | Farm |
| 26:44 | Build | Farm |
| 27:03 | Build | Farm |
| 27:03 | Build | Farm |
| 27:04 | Build | Farm |
| 27:11 | Build | Town Center |
| 27:14 | Build | Farm |
| 27:17 | Build | Farm |
| 27:19 | Build | House |
| 27:23 | Build | Farm |
| 27:30 | Build | Farm |
| 27:40 | Build | Farm |
| 27:46 | Build | Farm |
| 27:50 | Build | Farm |
| 27:55 | Build | Farm |
| 27:58 | Build | House |
| 28:01 | Build | Farm |
| 28:19 | Build | Dock |
| 28:31 | Build | Dock |
| 28:34 | Build | House |
| 28:51 | Build | Dock |
| 29:06 | Build | Farm |
| 29:10 | Build | Farm |
| 29:14 | Build | Farm |
| 29:22 | Build | Farm |
| 29:54 | Build | House |
| 30:23 | Build | House |
| 30:23 | Build | House |
| 30:23 | Build | House |
| 30:24 | Build | House |
| 30:34 | Build | Town Center |
| 30:34 | Build | Town Center |
| 30:35 | Build | Siege Workshop |
| 30:43 | Build | University |
| 30:46 | Build | Farm |
| 30:52 | Build | Farm |
| 30:57 | Build | Farm |
| 31:08 | Build | House |
| 31:13 | Build | Mill |
| 31:23 | Build | Siege Workshop |
| 31:27 | Build | Dock |
| 31:28 | Build | Dock |
| 31:29 | Build | Dock |
| 31:29 | Build | Dock |
| 31:30 | Build | Dock |
| 31:30 | Build | Dock |
| 31:47 | Build | House |
| 31:47 | Build | House |
| 31:52 | Build | Farm |
| 31:53 | Build | Farm |
| 31:53 | Build | Farm |
| 31:54 | Build | Farm |
| 31:58 | Build | Farm |
| 32:02 | Build | Farm |
| 32:06 | Build | Farm |
| 32:15 | Build | Farm |
| 32:16 | Build | House |
| 32:16 | Build | House |
| 32:34 | Build | Siege Workshop |
| 33:00 | Build | House |
| 33:05 | Build | Town Center |
Build order —
First 150 of 215 actions detected
| 0:00 | Build | House |
| 1:47 | Build | House |
| 3:32 | Build | House |
| 4:14 | Build | Mill |
| 4:15 | Build | Mill |
| 4:15 | Build | Lumber Camp |
| 5:23 | Build | Farm |
| 6:23 | Build | Farm |
| 8:08 | Build | Dock |
| 8:08 | Build | Dock |
| 8:09 | Build | Dock |
| 8:09 | Build | Dock |
| 8:10 | Build | Dock |
| 8:11 | Build | Dock |
| 8:11 | Build | Dock |
| 8:12 | Build | Dock |
| 8:13 | Build | Dock |
| 9:08 | Build | House |
| 10:04 | Build | Mining Camp |
| 11:30 | Build | Lumber Camp |
| 11:58 | Build | House |
| 13:34 | Build | Barracks |
| 13:58 | Build | House |
| 13:58 | Build | House |
| 14:37 | Build | Farm |
| 15:00 | Build | Farm |
| 15:53 | Build | Archery Range |
| 16:10 | Build | House |
| 16:10 | Build | House |
| 16:41 | Build | Blacksmith |
| 16:54 | Build | House |
| 16:58 | Build | House |
| 17:16 | Research | Tech None |
| 17:16 | Research | Tech None |
| 17:29 | Build | Farm |
| 17:51 | Build | Farm |
| 18:14 | Build | House |
| 18:21 | Build | Farm |
| 18:36 | Build | Farm |
| 18:55 | Build | Farm |
| 19:20 | Build | Farm |
| 19:52 | Build | Farm |
| 20:01 | Build | Farm |
| 20:05 | Research | Tech None |
| 20:09 | Build | House |
| 20:41 | Research | Tech None |
| 20:42 | Research | Tech None |
| 20:45 | Build | House |
| 20:58 | Research | Tech None |
| 21:18 | Research | Tech None |
| 21:26 | Build | House |
| 21:32 | Build | House |
| 21:40 | Build | Farm |
| 22:02 | Build | House |
| 22:02 | Build | House |
| 22:32 | Research | Tech None |
| 22:41 | Build | Farm |
| 22:48 | Build | Farm |
| 22:57 | Research | Tech None |
| 23:22 | Build | House |
| 23:22 | Build | House |
| 23:43 | Build | Farm |
| 23:45 | Build | Farm |
| 23:59 | Build | Farm |
| 24:10 | Build | House |
| 24:11 | Build | House |
| 24:49 | Build | Lumber Camp |
| 25:03 | Research | Tech None |
| 25:04 | Build | House |
| 25:04 | Build | House |
| 25:05 | Build | House |
| 25:05 | Build | House |
| 25:53 | Build | Siege Workshop |
| 26:03 | Research | Tech None |
| 26:09 | Build | Farm |
| 26:21 | Build | Farm |
| 26:59 | Build | Dock |
| 27:46 | Research | Tech None |
| 27:53 | Build | Farm |
| 28:10 | Build | Farm |
| 28:24 | Build | Farm |
| 28:47 | Build | House |
| 29:15 | Build | Dock |
| 29:24 | Build | House |
| 29:33 | Research | Tech None |
| 29:45 | Build | Farm |
| 29:52 | Build | Farm |
| 30:13 | Build | Farm |
| 30:44 | Research | Tech None |
| 31:20 | Build | Dock |
| 31:32 | Build | House |
| 31:46 | Build | Farm |
| 32:04 | Research | Tech None |
| 32:16 | Build | Mill |
| 32:40 | Build | Dock |
| 32:41 | Build | Dock |
| 33:00 | Build | Dock |
| 33:00 | Build | Dock |
| 33:20 | Build | House |
| 33:25 | Build | Dock |
| 33:26 | Build | Dock |
| 33:36 | Build | Farm |
| 33:51 | Build | Dock |
| 33:52 | Build | Dock |
| 33:52 | Build | Dock |
| 33:53 | Build | Dock |
| 33:53 | Build | Dock |
| 33:54 | Build | Dock |
| 33:55 | Build | Dock |
| 33:55 | Build | Dock |
| 33:56 | Build | Dock |
| 33:57 | Build | Dock |
| 34:00 | Build | Farm |
| 34:02 | Build | Farm |
| 34:21 | Build | House |
| 34:21 | Build | House |
| 34:21 | Build | Lumber Camp |
| 34:22 | Build | Farm |
| 34:59 | Build | Town Center |
| 35:32 | Build | Farm |
| 35:42 | Research | Tech None |
| 35:42 | Build | House |
| 35:42 | Build | House |
| 35:48 | Build | Farm |
| 35:58 | Build | Farm |
| 36:08 | Build | Farm |
| 36:23 | Build | Monastery |
| 36:56 | Build | Market |
| 37:11 | Build | Archery Range |
| 37:23 | Build | Archery Range |
| 37:34 | Build | House |
| 37:44 | Build | Farm |
| 37:54 | Build | Archery Range |
| 38:02 | Build | Farm |
| 38:05 | Build | Farm |
| 38:08 | Build | House |
| 38:37 | Build | Farm |
| 38:37 | Build | Farm |
| 38:39 | Build | House |
| 38:53 | Build | Farm |
| 39:00 | Build | Stable |
| 39:19 | Build | House |
| 39:20 | Build | House |
| 39:30 | Build | Stable |
| 39:30 | Research | Tech None |
| 39:45 | Research | Tech None |
| 39:45 | Build | Farm |
| 39:49 | Build | Farm |
| 39:50 | Build | Farm |
| 39:51 | Build | Farm |
Build order —
First 150 of 243 actions detected
| 0:00 | Build | House |
| 1:54 | Build | House |
| 3:39 | Build | House |
| 4:22 | Build | Mill |
| 4:22 | Build | Lumber Camp |
| 5:22 | Build | Farm |
| 5:50 | Build | House |
| 6:31 | Build | Mining Camp |
| 7:26 | Build | Lumber Camp |
| 8:02 | Build | House |
| 9:33 | Build | Barracks |
| 10:39 | Build | Stable |
| 10:42 | Build | House |
| 11:28 | Build | Blacksmith |
| 11:34 | Build | House |
| 11:56 | Build | Farm |
| 12:10 | Build | House |
| 12:21 | Build | Farm |
| 12:55 | Build | Farm |
| 13:11 | Build | Farm |
| 13:28 | Research | Tech None |
| 13:48 | Build | Farm |
| 14:03 | Build | Farm |
| 14:17 | Build | House |
| 14:30 | Build | Farm |
| 14:44 | Build | Farm |
| 15:06 | Research | Tech None |
| 15:23 | Build | Farm |
| 15:33 | Build | Farm |
| 15:52 | Build | Farm |
| 16:02 | Build | Farm |
| 16:21 | Build | Farm |
| 16:23 | Build | House |
| 16:32 | Build | Farm |
| 16:55 | Build | Lumber Camp |
| 17:15 | Research | Tech None |
| 17:29 | Build | Dock |
| 17:30 | Build | Dock |
| 17:31 | Build | Dock |
| 17:31 | Build | Dock |
| 18:02 | Build | Market |
| 18:44 | Build | Stable |
| 20:04 | Research | Tech None |
| 20:04 | Research | Tech None |
| 20:04 | Research | Tech None |
| 20:04 | Research | Tech None |
| 20:29 | Build | Monastery |
| 20:36 | Build | House |
| 20:36 | Build | House |
| 21:20 | Build | University |
| 21:25 | Build | House |
| 21:28 | Research | Tech None |
| 21:49 | Research | Tech None |
| 22:24 | Build | Town Center |
| 22:48 | Research | Tech None |
| 23:15 | Build | House |
| 23:15 | Build | House |
| 23:20 | Research | Tech None |
| 23:25 | Build | Farm |
| 23:25 | Build | Farm |
| 23:26 | Build | Farm |
| 23:48 | Build | Farm |
| 23:52 | Build | House |
| 24:16 | Build | Farm |
| 24:19 | Build | House |
| 24:24 | Build | Farm |
| 24:52 | Build | House |
| 25:00 | Build | Farm |
| 25:16 | Build | Farm |
| 25:18 | Build | Farm |
| 25:34 | Build | House |
| 25:35 | Build | House |
| 25:44 | Build | Farm |
| 25:46 | Build | Farm |
| 26:03 | Build | House |
| 26:03 | Build | House |
| 26:06 | Build | Farm |
| 26:30 | Research | Tech None |
| 26:39 | Build | House |
| 26:39 | Build | Farm |
| 26:40 | Build | Farm |
| 27:03 | Build | Lumber Camp |
| 27:12 | Build | House |
| 27:13 | Build | House |
| 27:39 | Build | Town Center |
| 27:45 | Build | Farm |
| 27:54 | Build | Farm |
| 28:13 | Build | Farm |
| 28:16 | Build | Farm |
| 28:35 | Build | Farm |
| 28:38 | Build | Farm |
| 28:44 | Build | Farm |
| 28:45 | Build | House |
| 29:06 | Build | Farm |
| 29:14 | Build | Farm |
| 29:26 | Build | Mill |
| 29:31 | Research | Tech None |
| 29:46 | Build | Mill |
| 29:59 | Build | Dock |
| 30:00 | Build | Dock |
| 30:02 | Build | Mining Camp |
| 30:31 | Build | Dock |
| 30:56 | Build | Dock |
| 30:56 | Build | Dock |
| 30:57 | Build | Dock |
| 31:29 | Build | Dock |
| 31:30 | Build | Dock |
| 31:58 | Build | Dock |
| 32:32 | Research | Tech None |
| 32:46 | Build | House |
| 32:53 | Build | House |
| 33:05 | Build | Farm |
| 33:09 | Build | Farm |
| 33:16 | Build | Farm |
| 33:27 | Build | House |
| 33:36 | Build | Farm |
| 33:46 | Build | Farm |
| 33:52 | Build | Farm |
| 34:01 | Build | House |
| 34:06 | Build | Farm |
| 34:10 | Build | Farm |
| 34:13 | Build | Farm |
| 34:17 | Research | Tech None |
| 34:21 | Build | Farm |
| 34:29 | Build | Farm |
| 34:44 | Build | House |
| 34:48 | Build | Farm |
| 34:51 | Build | Farm |
| 34:56 | Build | Farm |
| 35:02 | Build | Farm |
| 35:05 | Build | Farm |
| 35:14 | Research | Tech None |
| 35:17 | Build | House |
| 35:35 | Build | Farm |
| 35:46 | Build | Farm |
| 35:58 | Build | House |
| 36:18 | Research | Tech None |
| 36:35 | Build | House |
| 36:50 | Build | Dock |
| 37:07 | Build | Archery Range |
| 37:13 | Build | House |
| 37:33 | Build | Barracks |
| 37:51 | Research | Tech None |
| 37:51 | Research | Tech None |
| 38:15 | Build | House |
| 38:31 | Research | Tech None |
| 38:41 | Research | Tech None |
| 38:45 | Research | Tech None |
| 39:40 | Build | Farm |
| 39:42 | Build | Farm |
Build order —
First 150 of 257 actions detected
| 0:00 | Build | House |
| 1:46 | Build | House |
| 3:32 | Build | House |
| 3:32 | Build | House |
| 4:19 | Build | Mill |
| 4:20 | Build | Lumber Camp |
| 5:14 | Build | Farm |
| 5:43 | Build | House |
| 6:46 | Build | Mining Camp |
| 7:29 | Build | Lumber Camp |
| 8:21 | Build | House |
| 8:46 | Build | Barracks |
| 9:49 | Build | Stable |
| 10:06 | Build | House |
| 10:44 | Build | Blacksmith |
| 10:50 | Build | House |
| 11:10 | Build | Farm |
| 11:30 | Build | Farm |
| 11:52 | Build | House |
| 12:01 | Build | Farm |
| 13:00 | Build | Dock |
| 13:18 | Research | Tech None |
| 13:45 | Research | Tech None |
| 14:03 | Build | House |
| 14:37 | Build | Stable |
| 15:18 | Build | Farm |
| 15:18 | Build | Farm |
| 15:19 | Build | Farm |
| 15:36 | Build | Farm |
| 15:36 | Build | Farm |
| 15:38 | Build | Farm |
| 15:56 | Build | Farm |
| 16:02 | Build | Farm |
| 16:15 | Research | Tech None |
| 16:15 | Build | House |
| 16:21 | Build | House |
| 16:35 | Build | Farm |
| 16:52 | Build | Farm |
| 17:04 | Build | Farm |
| 17:15 | Build | Farm |
| 17:31 | Build | Farm |
| 17:41 | Build | Farm |
| 17:55 | Build | Farm |
| 18:16 | Build | Lumber Camp |
| 19:01 | Build | Market |
| 19:04 | Research | Tech None |
| 19:04 | Research | Tech None |
| 19:04 | Research | Tech None |
| 19:17 | Research | Tech None |
| 19:30 | Research | Tech None |
| 20:06 | Research | Tech None |
| 20:29 | Build | House |
| 20:29 | Build | House |
| 20:39 | Research | Tech None |
| 21:11 | Build | Town Center |
| 21:15 | Build | Farm |
| 21:23 | Build | House |
| 21:38 | Build | Farm |
| 21:50 | Build | Farm |
| 22:03 | Build | Farm |
| 22:16 | Build | Farm |
| 22:26 | Build | Farm |
| 22:46 | Build | House |
| 23:17 | Build | House |
| 23:17 | Build | House |
| 23:31 | Build | Monastery |
| 23:49 | Build | House |
| 23:49 | Build | House |
| 24:17 | Build | House |
| 24:17 | Build | House |
| 24:17 | Build | House |
| 24:17 | Build | House |
| 24:27 | Build | Barracks |
| 24:50 | Build | House |
| 24:51 | Build | House |
| 25:27 | Build | House |
| 25:27 | Build | House |
| 25:27 | Build | House |
| 25:27 | Build | House |
| 25:27 | Build | House |
| 25:28 | Build | House |
| 25:36 | Build | Town Center |
| 25:39 | Build | Farm |
| 25:58 | Build | Farm |
| 26:00 | Build | Farm |
| 26:02 | Build | House |
| 26:26 | Build | Mining Camp |
| 26:31 | Build | Farm |
| 26:32 | Build | House |
| 26:46 | Research | Tech None |
| 26:49 | Build | Farm |
| 26:56 | Build | Lumber Camp |
| 27:17 | Build | Dock |
| 27:32 | Build | Dock |
| 27:32 | Build | Dock |
| 27:33 | Build | Dock |
| 27:45 | Build | Dock |
| 27:45 | Build | Dock |
| 28:10 | Build | Siege Workshop |
| 28:24 | Build | Farm |
| 28:24 | Build | Farm |
| 28:25 | Build | Farm |
| 28:38 | Build | Farm |
| 28:38 | Build | Farm |
| 28:38 | Build | Farm |
| 28:39 | Build | Farm |
| 28:40 | Build | Farm |
| 28:40 | Build | Farm |
| 28:56 | Build | Mill |
| 28:57 | Build | Mill |
| 29:17 | Research | Tech None |
| 29:31 | Build | House |
| 29:34 | Build | House |
| 29:47 | Build | Dock |
| 29:47 | Build | Dock |
| 29:59 | Build | Farm |
| 30:01 | Build | House |
| 30:03 | Build | Farm |
| 30:10 | Build | Farm |
| 30:12 | Build | Farm |
| 30:17 | Build | Farm |
| 30:30 | Build | House |
| 30:41 | Build | Farm |
| 30:45 | Build | Farm |
| 30:50 | Build | Farm |
| 30:53 | Build | Farm |
| 30:56 | Build | Farm |
| 30:58 | Build | Farm |
| 31:00 | Build | House |
| 31:17 | Build | Farm |
| 31:18 | Build | Farm |
| 31:26 | Build | Farm |
| 31:28 | Build | House |
| 31:29 | Build | House |
| 31:35 | Build | Farm |
| 31:44 | Build | Farm |
| 31:59 | Build | House |
| 31:59 | Build | House |
| 32:01 | Research | Tech None |
| 32:02 | Build | Farm |
| 32:13 | Build | Farm |
| 32:15 | Build | Farm |
| 32:16 | Build | Farm |
| 32:17 | Build | Farm |
| 32:21 | Build | Farm |
| 32:30 | Build | House |
| 32:31 | Research | Tech None |
| 32:36 | Build | Farm |
| 32:41 | Build | Farm |
| 32:44 | Research | Tech None |
Build order —
First 150 of 220 actions detected
| 0:00 | Build | House |
| 1:46 | Build | House |
| 3:32 | Build | House |
| 3:32 | Build | House |
| 4:16 | Build | Mill |
| 4:17 | Build | Lumber Camp |
| 5:14 | Build | Farm |
| 5:44 | Build | House |
| 6:44 | Build | Mining Camp |
| 7:28 | Build | Lumber Camp |
| 7:55 | Build | House |
| 8:36 | Build | Barracks |
| 9:53 | Build | Archery Range |
| 10:07 | Build | House |
| 10:50 | Build | Blacksmith |
| 11:00 | Build | House |
| 11:14 | Build | Farm |
| 11:37 | Build | Farm |
| 11:52 | Build | House |
| 12:04 | Build | Farm |
| 12:19 | Build | Farm |
| 12:39 | Build | Farm |
| 13:00 | Build | Farm |
| 13:17 | Research | Tech None |
| 13:46 | Research | Tech None |
| 14:03 | Build | House |
| 14:12 | Build | Farm |
| 14:27 | Build | Farm |
| 14:49 | Build | Farm |
| 15:04 | Build | Farm |
| 15:17 | Build | Farm |
| 15:30 | Build | Farm |
| 15:43 | Build | Farm |
| 15:59 | Build | Farm |
| 16:15 | Build | Farm |
| 16:17 | Build | House |
| 16:28 | Build | Farm |
| 16:41 | Build | Farm |
| 16:57 | Build | Farm |
| 17:09 | Build | Farm |
| 17:25 | Build | Farm |
| 17:35 | Build | Farm |
| 17:53 | Build | Farm |
| 18:00 | Research | Tech None |
| 18:00 | Research | Tech None |
| 18:07 | Build | Mining Camp |
| 18:32 | Build | Lumber Camp |
| 18:52 | Build | Mill |
| 19:23 | Build | Dock |
| 20:49 | Research | Tech None |
| 20:49 | Research | Tech None |
| 20:50 | Research | Tech None |
| 21:16 | Build | House |
| 21:42 | Research | Tech None |
| 21:42 | Research | Tech None |
| 21:42 | Research | Tech None |
| 21:42 | Build | Monastery |
| 22:30 | Build | Castle |
| 22:34 | Research | Tech None |
| 22:51 | Build | Town Center |
| 22:52 | Build | Farm |
| 22:53 | Build | Farm |
| 23:20 | Build | Farm |
| 23:29 | Build | House |
| 23:40 | Build | Monastery |
| 24:20 | Build | Monastery |
| 24:54 | Research | Tech None |
| 26:15 | Build | Town Center |
| 26:21 | Build | Farm |
| 26:25 | Build | Dock |
| 26:27 | Build | Dock |
| 26:28 | Build | Dock |
| 26:29 | Build | Dock |
| 27:04 | Research | Tech None |
| 27:33 | Build | House |
| 27:43 | Build | Town Center |
| 27:50 | Build | Farm |
| 27:58 | Build | Farm |
| 28:03 | Research | Tech None |
| 28:08 | Build | House |
| 28:14 | Build | Farm |
| 28:26 | Build | Farm |
| 28:35 | Build | House |
| 28:42 | Research | Tech None |
| 28:43 | Build | Farm |
| 28:57 | Build | Farm |
| 29:04 | Build | House |
| 29:09 | Build | Farm |
| 29:56 | Build | House |
| 30:35 | Build | Farm |
| 30:42 | Build | House |
| 31:01 | Build | Farm |
| 31:05 | Build | Farm |
| 31:07 | Research | Tech None |
| 31:16 | Build | Farm |
| 31:19 | Build | Farm |
| 31:26 | Build | Farm |
| 31:42 | Build | Farm |
| 31:45 | Build | Farm |
| 31:59 | Build | Farm |
| 32:01 | Build | Lumber Camp |
| 32:06 | Build | Farm |
| 32:12 | Build | House |
| 32:21 | Build | Farm |
| 32:30 | Build | Farm |
| 32:39 | Build | Mill |
| 32:45 | Build | Farm |
| 33:02 | Build | House |
| 33:03 | Build | Farm |
| 33:15 | Build | Farm |
| 33:15 | Build | Farm |
| 33:15 | Build | Farm |
| 33:29 | Research | Tech None |
| 33:29 | Research | Tech None |
| 33:43 | Build | Farm |
| 33:50 | Build | Farm |
| 33:57 | Build | House |
| 33:58 | Build | House |
| 34:41 | Build | House |
| 34:51 | Build | House |
| 34:52 | Build | House |
| 34:52 | Build | Farm |
| 34:56 | Build | Farm |
| 35:00 | Research | Tech None |
| 36:26 | Build | Market |
| 36:29 | Research | Tech None |
| 37:40 | Research | Tech None |
| 38:02 | Build | Town Center |
| 38:09 | Build | House |
| 38:14 | Build | Town Center |
| 38:17 | Build | Town Center |
| 38:33 | Build | Town Center |
| 38:35 | Build | Town Center |
| 38:56 | Build | Town Center |
| 39:01 | Build | Town Center |
| 39:01 | Build | House |
| 39:02 | Build | Town Center |
| 39:09 | Build | House |
| 39:14 | Build | House |
| 39:16 | Build | House |
| 39:18 | Build | House |
| 39:19 | Build | House |
| 39:20 | Build | House |
| 39:52 | Build | Town Center |
| 40:28 | Build | House |
| 40:44 | Research | Tech None |
| 41:42 | Build | Farm |
| 41:45 | Build | Farm |
| 41:50 | Build | Farm |
| 41:52 | Build | Farm |
Match timeline
| 4:50 | g.mpozios · first_building Dock |
| 8:08 | · first_building Dock |
| 8:36 | · first_building Barracks |
| 8:46 | · first_building Barracks |
| 8:52 | · first_building Barracks |
| 9:20 | · first_building Barracks |
| 9:33 | · first_building Barracks |
| 9:49 | · first_building Stable |
| 9:53 | · first_building Archery Range |
| 9:54 | · first_building Archery Range |
| 10:03 | s3lampros · first_building Dock |
| 10:33 | · first_building Stable |
| 10:39 | · first_building Stable |
| 13:00 | · first_building Dock |
| 13:34 | · first_building Barracks |
| 13:57 | s3lampros · wall_segment Stone Wall x2 |
| 14:48 | s3lampros · first_building Stable |
| 15:53 | · first_building Archery Range |
| 17:29 | · first_building Dock |
| 17:37 | g.mpozios · age_up castle |
| 17:53 | · first_building Dock |
| 18:10 | · first_building Dock |
| 19:23 | · first_building Dock |
| 20:29 | · first_building Monastery |
| 21:11 | g.mpozios · first_building Stable |
| 21:42 | · first_building Monastery |
| 22:10 | · first_building Monastery |
| 22:20 | · first_building Siege Workshop |
| 22:30 | · first_building Castle |
| 22:46 | s3lampros · first_market_sell 100 wood |
| 22:48 | s3lampros · first_market_buy 100 food |
| 23:06 | · first_building Monastery |
| 23:31 | · first_building Monastery |
| 25:13 | · first_building Siege Workshop |
| 25:53 | · first_building Siege Workshop |
| 27:43 | · first_market_buy 100 food |
| 28:10 | · first_building Siege Workshop |
| 29:09 | · first_market_buy 100 food |
| 30:24 | s3lampros · wall_segment Stone Wall x28 |
| 34:11 | · first_building Castle |
| 34:12 | · first_building Stable |
| 34:48 | · first_building Archery Range |
| 34:53 | · first_market_sell 100 food |
| 35:09 | g.mpozios · wall_segment Stone Wall x22 |
| 36:23 | · first_building Monastery |
| 37:07 | · first_building Archery Range |
| 37:21 | · first_market_sell 100 wood |
| 37:39 | · first_market_sell 100 food |
| 37:50 | · first_market_sell 100 food |
| 38:09 | · first_market_sell 100 food |
| 38:47 | · first_market_sell 100 food |
| 39:00 | · first_building Stable |
| 40:01 | · first_building Archery Range |
| 41:59 | · first_building Castle |
| 43:58 | · first_building Castle |
| 44:20 | · first_building Castle |
| 47:23 | s3lampros · wall_segment Stone Wall x12 |
| 47:59 | · first_building Siege Workshop |
| 49:32 | s3lampros · wall_segment Stone Wall x25 |
| 51:13 | · first_building Castle |
| 55:04 | s3lampros · resign |
[ AI ANALYSIS · 1 CREDIT ]
What really happened in this match?
Wolo.gg analyzes every decision: build order, eco, micro, common mistakes by bracket. Personalized analysis on WhatsApp or Discord in 30 seconds.
Civ guide
Portuguese
Perfil
s3lampros